 Dungeon Crawl Stone Soup version 0.31.0-12-g77e489cdc1 (webtiles) character file.

Game seed: 14247875618039606467

26002 Norrock the Summoner (level 13, -1/81 HPs)
             Began as a Barachi Summoner on Feb 12, 2024.
             Was a Priest of Hepliaklqana.
             Slain by a torpor snail (6 damage)
             ... on level 3 of the Lair of Beasts on Feb 13, 2024.
             The game lasted 03:11:53 (15563 turns).

Norrock the Summoner (Barachi Summoner)            Turns: 15563, Time: 03:11:53

Health: -1/81      AC: 11    Str: 15    XL:     13   Next: 23%
Magic:  25/25      EV: 12    Int: 17    God:    Hepliaklqana [***...]
Gold:   378        SH:  0    Dex: 14    Spells: 5/29 levels left

rFire   . . .        T - +6 executioner's axe "Fyxkaepn" {drain, Will++ Str+3}
rCold   . . .        (shield currently unavailable)
rNeg    . . .        p - +0 steam dragon scales
rPois   .            z - +0 helmet
rElec   .            B - +0 cloak
rCorr   .            c - +2 pair of gloves
SInv    .            m - +0 pair of boots
Will    +++..        D - amulet of magic regeneration
Stlth   ++           e - ring of willpower
HPRegen 0.33/turn    J - ring of wizardry
MPRegen 0.59/turn

%: wizardry (x1)
@: slowed, studying Earth Magic, inugami summoned, very slow
A: reduced essence, amphibious, slowness 1, strong legs 2, +LOS
a: Hop, Renounce Religion, Recall Ancestor, Ancestor Identity, Transference


You were on level 3 of the Lair of Beasts.
You worshipped Hepliaklqana.
Hepliaklqana was most pleased with you.
You visited 3 branches of the dungeon, and saw 16 of its levels.

You collected 1356 gold pieces.
You spent 978 gold pieces at shops.

Inventory:

Hand Weapons
 r - a +1 trident of flaming
 T - the +6 executioner's axe "Fyxkaepn" (weapon) {drain, Will++ Str+3}
   (You bought it in a shop on level 4 of the Dungeon)

   Str+3:     It affects your strength (+3).
   Will++:    It greatly increases your willpower.
Missiles
 a - a throwing net
 o - 24 poisoned darts (quivered)
 Q - 4 darts of dispersal
Armour
 c - a +2 pair of gloves (worn)
 m - a +0 pair of boots (worn)
 p - +0 steam dragon scales (worn)
 v - a +0 pair of gloves
 z - a +0 helmet (worn)
 B - a +0 cloak (worn)
 C - a +1 leather armour of fire resistance
 G - an orb of mayhem
 V - a +0 pair of boots
Magical Staves
 y - a staff of earth
Jewellery
 e - a ring of willpower (left hand)
 t - a ring of resist corrosion
 A - a ring of protection from cold
 D - an amulet of magic regeneration (around neck)
 J - a ring of wizardry (right hand)
 L - an amulet of guardian spirit
 M - a ring of positive energy
 N - an amulet of regeneration
 W - a +4 ring of protection
Wands
 h - a wand of charming (4)
 n - a wand of flame (10)
 s - a wand of mindburst (9)
 S - a wand of roots (9)
Scrolls
 d - 5 scrolls of teleportation
 i - a scroll of silence
 j - 2 scrolls of vulnerability
 l - 2 scrolls of poison
 q - 2 scrolls of fog
 u - 2 scrolls of summoning
 w - a scroll of fear
 F - a scroll of revelation {unknown}
 I - a scroll of immolation
 K - a scroll of acquirement {unknown}
 O - a scroll of blinking
 U - a scroll of enchant weapon
Potions
 b - 2 potions of magic
 f - a potion of attraction {unknown}
 g - 3 potions of brilliance
 k - 3 potions of haste
 x - 2 potions of enlightenment
 E - 2 potions of lignification
 H - a potion of might {unknown}
 R - 2 potions of mutation


   Skills:
 - Level 5.2 Fighting
 + Level 5.7(10.3) Axes
 - Level 12.1(12.6) Polearms
 - Level 2.1 Dodging
 - Level 1.7 Stealth
 + Level 8.8 Spellcasting
 + Level 12.6 Summonings
 + Level 10.3 Ice Magic
 - Level 5.1 Air Magic
 - Level 6.0 Alchemy


You had 5 spell levels left.
You knew the following spells:

 Your Spells              Type           Power      Damage    Failure   Level
a - Call Canine Familiar  Summ           50%        N/A       1%          3
b - Summon Ice Beast      Ice/Summ       46%        N/A       1%          3
c - Call Imp              Summ           100%       N/A       1%          2
d - Summon Lightning Spi  Summ/Air       37%        N/A       1%          4
e - Ozocubu's Armour      Ice            42%        N/A       1%          3
f - Frozen Ramparts       Ice            84%        1d13      1%          3
g - Sculpt Simulacrum     Ice/Alch       17%        N/A       21%         6

Your spell library contained the following spells:

 Spells                   Type           Power      Damage    Failure   Level
 Freeze                   Ice            100%       1d10      1%          1
 Summon Small Mammal      Summ           100%       N/A       1%          1
 Mercury Vapours          Alch/Air       52%        N/A       1%          2
 Hailstorm                Conj/Ice       25%        3d7       1%          3
 Mephitic Cloud           Conj/Alch/Air  20%        N/A       2%          3
 Summon Blazeheart Golem  Fire/Summ      28%        N/A       2%          4
 Apportation              Tloc           14%        N/A       4%          1
 Magic Dart               Conj           28%        1d4       4%          1
 Blink                    Tloc           14%        N/A       6%          2
 Jinxbite                 Hex            14%        N/A       6%          2
 Alistair's Intoxication  Alch           18%        N/A       9%          5
 Leda's Liquefaction      Alch/Erth      8%         N/A       12%         4
 Petrify                  Alch/Erth      17%        N/A       12%         4
 Freezing Cloud           Conj/Ice/Air   12%        6-21      13%         5
 Metabolic Englaciation   Hex/Ice        12%        N/A       13%         5


Dungeon Overview and Level Annotations

Branches:
Dungeon (12/15)            Temple (1/1) D:7            Lair (3/5) D:9
    Orc (0/2) D:11
  Swamp: Lair:2-3    Shoals: Lair:2-3     Snake: Lair:2-3    Spider: Lair:2-3

Altars:
Ashenzari
Cheibriados
Dithmenos
Elyvilon
Fedhas
Gozag
Hepliaklqana
Kikubaaqudgha
Makhleb
Nemelex Xobeh
Okawaru
Qazlal
Ru
Sif Muna
Trog
Uskayaw
Vehumet
Wu Jian
Xom
Yredelemnul
Zin
The Shining One

Shops:
D:4 (

Portals:
Trove: D:11 (lose all piety)

Annotations:
D:2 Terence
Lair:1 exclusion: 3 oklob plants
Lair:2 exclusion: oklob plant


Innate Abilities, Weirdness & Mutations

Your life essence is reduced to manifest your ancestor. (-10% HP)
You are amphibious.
You cover ground slowly.
You can hop long distances.
You have an extended range of vision and can be seen from far away.


Message History

The torpor snail is heavily wounded.
The wolf bites your inugami but does no damage.
The wolf barely misses your inugami.
Your ice beast hits the wolf but does no damage.
Your inugami completely misses the wolf.
The wolf completely misses your inugami.
Throw: 26 darts (poison)
Press: ? - help, Q - select action, (/) - cycle Shift-Dir - straight line, f/p - torpor snail
Aim: a torpor snail (heavily wounded, poisoned, 93% to hit)
You throw a poisoned dart.
The poisoned dart hits the torpor snail.
The torpor snail looks even sicker.
The torpor snail is heavily wounded.
The wolf bites your inugami.
Your ice beast barely misses the wolf.
The wolf misses your inugami.
Your inugami closely misses the wolf.
Your ice beast hits the wolf but does no damage.
Throw: 25 darts (poison)
Press: ? - help, Q - select action, (/) - cycle Shift-Dir - straight line, f/p - torpor snail
Aim: a torpor snail (moderately wounded, very poisoned, 93% to hit)
You throw a poisoned dart.
The poisoned dart hits the torpor snail.
The torpor snail looks even sicker.
The torpor snail is moderately wounded.
Your ice beast disappears in a puff of smoke!
The wolf bites your inugami. The wolf barely misses your inugami.
Your inugami hits the wolf. The wolf closely misses your inugami.
You hit the torpor snail.
The torpor snail is heavily wounded.
The wolf closely misses your inugami.
The wolf bites your inugami but does no damage.
Your inugami hits the wolf!
The wolf dies!
Your cerulean imp hits the torpor snail but does no damage.
The torpor snail bites you!!
* * * LOW HITPOINT WARNING * * *
Okay, then.
Your cerulean imp hits the torpor snail with a +1 spear.
The torpor snail attacks as it pursues you!
The torpor snail bites you.
You die...

# .## ......##..#.##..#
##.P#..............#...#
....................##
..........(......#.#.#
...........(.....#..#F.
.................#..##.w.
.............(#.#.#..#.l#F#
...............5#..###
#.#.. ##..#.#......Phw@.##
#D# #....##(........#.# h#
.....##.........##.# #
.....##......#.......
.#.#.##.........######
##...#.......#..#
................#
.†..............#
................#


You could see a torpor snail (very poisoned, ally target), a friendly cerulean
imp (summoned, slow) and a friendly inugami (summoned, slow).

Vanquished Creatures
  A two-headed ogre (D:10)
  Pikel (D:7)
  A cane toad (Lair:1)
  A komodo dragon (D:11)
  A polar bear (Lair:2)
  9 blink frogs
  2 wyverns
  12 yaks
  A steam dragon (D:7)
  3 water moccasins
  6 orc warriors
  2 hornet zombies (D:7)
  A black bear (D:6)
  4 wolves (Lair:1)
  2 centaurs
  A lemure (D:7)
  2 kobold brigands (D:9)
  9 bullfrogs
  A scorpion (D:6)
  7 wights
  3 howler monkeys
  5 centaur zombies
  A human zombie (D:7)
  2 jellies
  4 orc priests
  A hound (D:4)
  2 gnoll boudas
  An iguana (D:7)
  A hell rat (Lair:2)
  6 orc wizards
  A killer bee zombie (D:7)
  2 howler monkey zombies (D:8)
  13 gnolls
  An adder (D:6)
  3 ufetubi
  24 orcs
  An endoplasm (D:3)
  A goblin (D:4)
  5 kobolds
  A quokka (D:5)
  A bat (D:2)
  A frilled lizard (D:3)
  A rat (D:2)
148 creatures vanquished.

Vanquished Creatures (collateral kills)
  A hydra (Lair:3)
  A boulder beetle (D:11)
  2 two-headed ogres (D:10)
  3 death yaks
  An ugly thing (D:9)
  A cyclops (D:11)
  A black mamba (Lair:3)
  3 cane toads
  2 komodo dragons
  A gargoyle (D:11)
  A rime drake (Lair:2)
  A hornet (D:9)
  2 trolls
  7 blink frogs
  A shadow (D:11)
  A vampire (D:11)
  A wyvern (D:9)
  20 yaks
  6 water moccasins
  A black bear (D:6)
  5 orc warriors
  4 centaurs (D:9)
  5 wolves
  2 kobold brigands
  A wyvern zombie (D:8)
  5 bullfrogs
  A scorpion (D:6)
  A gnoll sergeant (D:8)
  15 wights
  A howler monkey (D:6)
  2 electric eels (Lair:1)
  A centaur zombie (D:7)
  2 bombardier beetles
  2 hounds
  3 orc priests
  3 jellies
  Jessica (D:2)
  3 iguanas
  11 orc wizards
  3 hell rats (Lair:2)
  A mummy (D:7)
  4 adders
  6 gnolls
  2 white imps
  An ufetubus (D:4)
  A dart slug (D:1)
  2 ribbon worms (D:2)
  34 orcs
  4 ball pythons
  An endoplasm (D:1)
  2 giant cockroaches
  2 hobgoblins
  A quokka (D:4)
  2 bats
  4 frilled lizards
  2 goblins (D:1)
  10 kobolds
  4 rats
  A butterfly (Lair:3)
212 creatures vanquished.

Vanquished Creatures (others)
  A knight (Lair:3)
  7 ancestors
8 creatures vanquished.

Grand Total: 368 creatures vanquished

Notes
Turn   | Place    | Note
-------+----------+-------------------------------------------
     0 | D:1      | Norrock the Barachi Summoner began the quest for the Orb.
     0 | D:1      | Reached XP level 1. HP: 13/13 MP: 3/3
   181 | D:1      | Reached skill level 5 in Summonings
   207 | D:1      | Reached XP level 2. HP: 16/19 MP: 0/5
   268 | D:1      | Learned a level 2 spell: Call Imp
   895 | D:2      | Noticed Terence
  1159 | D:1      | Reached XP level 3. HP: 20/24 MP: 1/7
  1223 | D:1      | Learned a level 3 spell: Call Canine Familiar
  1380 | D:2      | Noticed Jessica
  1390 | D:2      | Killed Jessica
  1391 | D:2      | Reached XP level 4. HP: 30/30 MP: 0/9
  1704 | D:2      | Learned a level 3 spell: Ozocubu's Armour
  1912 | D:3      | Reached skill level 1 in Ice Magic
  2271 | D:3      | Found a blossoming altar of Fedhas.
  2399 | D:4      | Reached XP level 5. HP: 35/35 MP: 5/10
  2407 | D:4      | Reached skill level 1 in Polearms
  2764 | D:4      | Reached XP level 6. HP: 14/40 MP: 9/12
  3110 | D:4      | Found Jaiducw's Weapon Shop.
  3127 | D:4      | Reached skill level 5 in Spellcasting
  3293 | D:5      | Entered Level 5 of the Dungeon
  3547 | D:5      | Reached skill level 1 in Fighting
  3547 | D:5      | Reached XP level 7. HP: 48/48 MP: 10/14
  4177 | D:6      | Found a broken altar of Ashenzari.
  4474 | D:6      | Reached skill level 5 in Ice Magic
  4474 | D:6      | Reached XP level 8. HP: 48/60 MP: 1/15
  4501 | D:6      | Learned a level 4 spell: Summon Lightning Spire
  5266 | D:7      | Reached skill level 5 in Fighting
  5266 | D:7      | Reached skill level 5 in Polearms
  5533 | D:7      | Noticed Pikel
  5551 | D:7      | Killed Pikel
  5552 | D:7      | Reached XP level 9. HP: 43/68 MP: 7/16
  5657 | D:7      | Found a staircase to the Ecumenical Temple.
  5841 | D:7      | Reached skill level 1 in Air Magic
  6474 | D:7      | Found a basalt altar of Yredelemnul.
  7179 | Temple   | Entered the Ecumenical Temple
  7200 | Temple   | Became a worshipper of Hepliaklqana the Forgotten
  7580 | D:8      | Reached XP level 10. HP: 28/74 MP: 3/17
  8151 | D:8      | Reached skill level 10 in Polearms
  8313 | D:8      | Reached skill level 5 in Air Magic
  8602 | D:9      | Noticed a cyan ugly thing
  8685 | D:9      | Found a staircase to the Lair.
  9326 | D:9      | Learned a level 3 spell: Frozen Ramparts
  9585 | D:9      | Killed a cyan ugly thing
  9586 | D:9      | Reached XP level 11. HP: 8/79 MP: 11/20
  9888 | D:9      | Reached * piety under Hepliaklqana
 10037 | D:9      | Learned a level 3 spell: Summon Ice Beast
 10565 | D:10     | Entered Level 10 of the Dungeon
 10565 | D:10     | Noticed a two-headed ogre
 10576 | D:10     | Killed a two-headed ogre
 10659 | D:10     | Found a burning altar of Makhleb.
 10660 | D:10     | Found a radiant altar of Vehumet.
 10661 | D:10     | Found an opulent altar of Gozag.
 10662 | D:10     | Found a hide-covered altar of Uskayaw.
 10662 | D:10     | Found an ornate altar of the Wu Jian Council.
 10662 | D:10     | Found a shimmering altar of Xom.
 10668 | D:10     | Noticed a two-headed ogre
 10680 | D:10     | Killed a two-headed ogre
 10785 | D:10     | Noticed a two-headed ogre
 10797 | D:10     | Killed a two-headed ogre
 11047 | D:10     | Learned a level 6 spell: Sculpt Simulacrum
 11444 | D:11     | Reached skill level 10 in Summonings
 11444 | D:11     | Reached skill level 1 in Alchemy
 11473 | D:11     | Noticed a boulder beetle
 11519 | D:11     | Killed a boulder beetle
 11531 | D:11     | Found a staircase to the Orcish Mines.
 11571 | D:11     | Reached XP level 12. HP: 30/77 MP: 15/24
 11966 | D:11     | Reached ** piety under Hepliaklqana
 11967 | D:11     | Remembered your ancestor Tochtli as a knight
 12374 | D:11     | Found a portal to a secret trove of treasure.
 12508 | D:4      | Bought the +6 executioner's axe "Fyxkaepn" {drain, Will++
                  | Str+3} for 978 gold pieces
 12597 | Lair:1   | Entered Level 1 of the Lair of Beasts
 12645 | Lair:1   | Reached skill level 1 in Axes
 13094 | Lair:1   | Reached skill level 5 in Alchemy
 13781 | Lair:1   | Reached *** piety under Hepliaklqana
 14851 | Lair:2   | Found a shimmering blue altar of Sif Muna.
 15210 | Lair:3   | Noticed a death yak
 15210 | Lair:3   | Noticed a death yak
 15210 | Lair:3   | Noticed a death yak
 15228 | Lair:2   | Killed a death yak
 15229 | Lair:2   | Gained mutation: You can hop long distances. [Barachi
                  | growth]
 15229 | Lair:2   | Reached XP level 13. HP: 28/81 MP: 19/25
 15442 | Lair:3   | Reached skill level 5 in Axes
 15452 | Lair:3   | Reached skill level 10 in Ice Magic
 15562 | Lair:3   | HP: 4/81 [torpor snail (19)]
 15563 | Lair:3   | Slain by a torpor snail

Illustrated notes

Levels and vault maps discovered:
D:1:      saegor_arrival_simple_e, layout_rooms
D:2:      wander_river, layout_basic, uniq_jessica, uniq_terence
D:3:      minmay_evil_eye, layout_basic, fedhas_ov_isle_minmay
D:4:      nicolae_cairo_tiling_large, layout_rooms, serial_shops,
          nicolae_shop_window_shopping
D:5:      layout_gridville, nicolae_concentric_dashed_squares_mild
D:6:      layout_basic, cheibrodos_ashenzari_chains, serial_aquarium,
          aquarium_bridge_square [aquarium_subvault_bridge,
          aquarium_subvault_wall, aquarium_subvault_bridge,
          aquarium_subvault_bridge], aquarium_window_fake, aquarium_window_fake,
          aquarium_window_fake, aquarium_window_3, aquarium_view_2b,
          aquarium_view_2g, aquarium_balcony_1b, grunt_decor_mini_mirrors,
          hangedman_decor_riveting
D:7:      layout_basic, lemuel_mausoleum_altar_yredelemnul,
          minmay_temple_entry_crystal_x, minivault_22, uniq_pikel
D:8:      layout_rooms, serial_undead, serial_undead_c, serial_undead_b,
          serial_undead_e, serial_undead_d
D:9:      minmay_bubble_buster, layout_loops_ring, lair_entry_dummy,
          chequers_avenue
D:10:     layout_roguey, grunt_temple_overflow_open, nicolae_figureground_pulse
D:11:     layout_roguey [special_room_orc], enter_trove_6
D:12:     layout_basic, kennysheep_okawaru_gauntlet
Temple:   cyrus_circular_temple
Lair:1:   layout_gridlike, disabler_island, serial_bayou_shore_a
Lair:2:   layout_regular_city, serial_bayou_pond_e, lemuel_oklob_altar
Lair:3:   layout_regular_city, swamp_mist, dummy_spider_entry,
          chequers_serial_rivers_large_b, minmay_shattered_shrine,
          lemuel_fruit_fields, uniq_fannar, uniq_kirke, uniq_nergalle

Skill      XL: |  1  2  3  4  5  6  7  8  9 10 11 12 13 |
---------------+----------------------------------------+-----
Summonings     | 5 6 7 9 10 12 | 12.6
Spellcasting   | 3 4 5 6 8 |  8.8
Ice Magic      | 1 2 3 5 6 7 9 10 | 10.3
Polearms       | 1 2 4 7 9 10 12 | 12.1
Fighting       | 1 3 5 |  5.2
Air Magic      | 3 5 |  5.1
Alchemy        | 2 6 |  6.0
Axes           | 4 5 |  5.7
Dodging        | |  2.1
Stealth        | |  1.7

Action                     |  1- 3 |  4- 6 |  7- 9 | 10-12 | 13-15 || total
---------------------------+-------+-------+-------+-------+-------++-------
  Melee: Unarmed           |    57 |     3 |       |       |       ||    60
         Trident           |       |    92 |   343 |   326 |       ||   761
         Punch             |       |       |     1 |     3 |       ||     4
         Executioner's axe |       |       |       |    92 |     9 ||   101
  Throw: Dart              |       |    11 |     5 |     8 |     3 ||    27
   Cast: Summon Small Mamm |    40 |     9 |    15 |     1 |       ||    65
         Call Imp          |     9 |    13 |    19 |    35 |     4 ||    80
         Call Canine Famil |     2 |    12 |    29 |    41 |     3 ||    87
         Ozocubu's Armour  |       |       |     4 |    20 |     1 ||    25
         Summon Lightning  |       |       |     1 |    28 |     2 ||    31
         Frozen Ramparts   |       |       |       |    10 |       ||    10
         Summon Ice Beast  |       |       |       |    32 |     5 ||    37
 Invoke: Ancestor Identity |       |       |       |     2 |       ||     2
         Recall Ancestor   |       |       |       |     3 |       ||     3
         Ancestor Life: Kn |       |       |       |     1 |       ||     1
Ability: Hop               |     3 |       |     1 |     8 |     1 ||    13
  Evoke: Wand              |       |       |     4 |       |     1 ||     5
    Use: Potion            |     2 |       |     8 |     3 |     1 ||    14
         Scroll            |     1 |     9 |     7 |     8 |     1 ||    26
   Stab: Distracted        |       |     1 |     6 |    14 |       ||    21
         Sleeping          |       |       |     7 |     3 |       ||    10
         Invisible         |       |       |     1 |       |       ||     1
 Armour: Robe              |    48 |    61 |     3 |       |       ||   112
         Leather armour    |       |       |   143 |       |       ||   143
         Steam dragon scal |       |       |   118 |   275 |    26 ||   419
  Dodge: Dodged            |    60 |    80 |   214 |   218 |    11 ||   583
